 Dungeon Crawl Stone Soup version 0.28-a0-1143-gcf6077d4cc (webtiles) character file.

Game seed: 14638864875241785270

9556 kae the Severer (level 11, -14/97 HPs)
             Began as a Hill Orc Fighter on Dec 13, 2021.
             Demolished by an ettin (25 damage)
             ... on level 11 of the Dungeon.
             The game lasted 00:07:37 (14049 turns).

kae the Severer (Hill Orc Fighter)                 Turns: 14049, Time: 00:07:38

Health: -14/97     AC: 15    Str: 24    XL:     11   Next: 48%
Magic:  11/11      EV: 10    Int:  8    God:
Gold:   317        SH:  4    Dex: 10    Spells: 10/10 levels left

rFire   . . .      SeeInvis +   a - +0 war axe
rCold   . . .      Faith    .   c - +0 buckler
rNeg    . . .      Spirit   .   b - +1 scale mail
rPois   .          Reflect  .   g - +0 helmet
rElec   .          Harm     .   F - +2 cloak
rCorr   .          Rampage  .   n - +0 pair of gloves
Will    .....                   (no boots)
Stlth   ..........              (no amulet)
HPRegen 0.26/turn               e - ring of flight
MPRegen 0.12/turn               q - ring of see invisible

@: flying
A: no striking features
a: no special abilities


You were on level 11 of the Dungeon.
You visited 2 branches of the dungeon, and saw 12 of its levels.

You collected 482 gold pieces.
You spent 165 gold pieces at shops.

Inventory:

Hand Weapons
 a - a +0 war axe (weapon)
Armour
 b - a +1 scale mail (worn)
 c - a +0 buckler (worn)
 g - a +0 helmet (worn)
 n - a +0 pair of gloves (worn)
 F - a +2 cloak (worn)
Jewellery
 e - a ring of flight (left hand)
 q - a ring of see invisible (right hand)
Wands
 l - a wand of digging (11)
 o - a wand of paralysis (4)
 t - a wand of mindburst (1)
 w - a wand of iceblast (14)
Scrolls
 m - a scroll of magic mapping
 r - 2 scrolls of teleportation
 x - 2 scrolls of blinking
 y - a scroll of enchant armour
Potions
 d - a potion of heal wounds {unknown}
 f - a potion of invisibility
 h - a potion of resistance {unknown}
 i - a potion of mutation
 k - a potion of berserk rage
 p - 2 potions of lignification
 u - a potion of brilliance {unknown}
 v - 2 potions of might
 z - a potion of attraction {unknown}
 A - a potion of haste {unknown}
 B - 2 potions of ambrosia {unknown}
 C - a potion of magic {unknown}


   Skills:
 + Level 9.4 Fighting
 - Level 16.0 Axes
 + Level 8.6 Armour
 - Level 4.0 Shields
 + Level 7.1 Evocations


You had 10 spell levels left.
You didn't know any spells.
Your spell library contained the following spells:

 Spells                   Type           Power      Damage    Failure   Level
 Sting                    Tmut/Pois      0%         1d3       67%         1
 Poisonous Vapours        Pois/Air       0%         N/A       80%         2
 Call Canine Familiar     Summ           0%         N/A       95%         3
 Conjure Flame            Conj/Fire      0%         6-21      95%         3
 Dazzling Flash           Conj/Hex       0%         N/A       95%         3
 Ignite Poison            Fire/Tmut/Pois 0%         N/A       95%         3
 Portal Projectile        Hex/Tloc       0%         N/A       95%         3
 Summon Guardian Golem    Hex/Summ       0%         N/A       95%         3
 Animate Dead             Necr           0%         N/A       100%        4
 Leda's Liquefaction      Hex/Erth       0%         N/A       100%        4
 Olgreb's Toxic Radiance  Pois           0%         N/A       100%        4
 Sticky Flame             Conj/Fire      0%         2d3       100%        4
 Summon Lightning Spire   Summ/Air       0%         N/A       100%        4
 Agony                    Necr           0%         N/A       100%        5
 Borgnjor's Vile Clutch   Necr/Erth      0%         N/A       100%        5
 Silence                  Hex/Air        0%         N/A       100%        5
 Summon Forest            Summ/Tloc      0%         N/A       100%        5
 Death Channel            Necr           0%         N/A       100%        6
 Storm Form               Tmut/Air       0%         N/A       100%        7
 Summon Hydra             Summ           0%         N/A       100%        7
 Maxwell's Capacitive Co  Air            0%         ∞         100%        8


Dungeon Overview and Level Annotations

Branches:
Dungeon (11/15)            Temple (1/1) D:6            Lair (0/6) D:10
    Orc (0/2) D:9

Altars:
Ashenzari
Cheibriados
Dithmenos
Elyvilon
Fedhas
Gozag
Hepliaklqana
Kikubaaqudgha
Makhleb
Nemelex Xobeh
Okawaru
Qazlal
Ru
Sif Muna
Trog
Uskayaw
Vehumet
Wu Jian
Xom
Yredelemnul
Zin
The Shining One

Shops:
D:2 (   D:4 [

Annotations:
D:3 1 runed translucent door, Spolavi's ghost, amateur GrEE
D:5 1 runed translucent door, Crazy Yiuf


Message History

A boulder beetle is nearby!
You reach down and close the door.
You start waiting.
Done waiting.
You reach down and open the door.
The four-headed hydra roars!
You hear two shouts!
You reach down and close the door.
You start waiting.
Done waiting.
You reach down and open the door.
The ettin shouts in stereo!
You reach down and close the door.
An ettin opens the door.
You hit the ettin.
The ettin is lightly wounded.
You block the ettin's attack.
The ettin hits you with a +0 dire flail.
You hit the ettin but do no damage.
The ettin is lightly wounded.
The ettin barely misses you.
The ettin hits you with a +0 dire flail.
You barely miss the ettin.
The ettin is lightly wounded.
You hit the ettin but do no damage.
The ettin is lightly wounded.
The ettin hits you with a +0 dire flail!! x2
You hit the ettin but do no damage.
The ettin is lightly wounded.
You block the ettin's attack. The ettin hits you but does no damage.
You slice the ettin!!
The ettin is heavily wounded.
You slash the ettin!
The ettin is severely wounded.
The ettin closely misses you.
The ettin hits you with a +0 dire flail!!
* * * LOW HITPOINT WARNING * * *
You hit the ettin.
The ettin is severely wounded.
The ettin closely misses you.
The ettin hits you with a +0 dire flail!!
You die...

#[ #< # #####. .# ##.....
.. ###..#### #. #...## #.
##.### .####.
############..#
......#######..C@........##
......'.......###.>....###
......###########...#..#
...... #<........#.)#
.....: #.........#..#
.[.... #.#.....###..#
...... ##.........# ......
#.....####.# ...... ##.#[.#
...


You could see an ettin.

Vanquished Creatures
  A two-headed ogre (D:10)
  Pikel (D:4)
  A centaur zombie (D:7)
  A troll (D:11)
  26 yaks
  Eustachio (D:4)
  A wraith (D:10)
  Sigmund (D:3)
  A steam dragon (D:4)
  3 wargs (D:10)
  A water moccasin (D:6)
  3 ice beasts
  2 sky beasts
  3 orc warriors
  A black bear (D:6)
  3 ogres
  7 centaurs
  4 lemures
  A kobold brigand (D:9)
  4 bullfrogs (D:9)
  A scorpion (D:7)
  A gnoll sergeant (D:7)
  3 jellies
  3 howler monkeys
  2 electric eels (D:6)
  A bullfrog zombie (D:7)
  3 bullfrog skeletons (D:5)
  6 orc priests
  2 hounds (D:5)
  A gnoll shaman (D:6)
  A centaur skeleton (D:4)
  5 iguanas
  8 orc wizards
  A killer bee zombie (D:8)
  A howler monkey zombie (D:9)
  A howler monkey skeleton (D:6)
  3 gnolls (D:7)
  6 adders
  2 white imps (D:7)
  A worm (D:5)
  3 dart slugs
  24 orcs
  5 ball pythons
  6 bats
  4 endoplasms
  2 giant cockroaches
  9 goblins
  5 hobgoblins
  3 quokkas
  4 frilled lizards (D:1)
  7 kobolds
  5 rats (D:1)
195 creatures vanquished.

Vanquished Creatures (others)
  7 plants (D:6)
7 creatures vanquished.

Grand Total: 202 creatures vanquished

Notes
Turn   | Place    | Note
-------+----------+-------------------------------------------
     0 | D:1      | kae the Hill Orc Fighter began the quest for the Orb.
     0 | D:1      | Reached XP level 1. HP: 19/19 MP: 1/1
   153 | D:1      | Reached skill level 3 in Axes
   300 | D:1      | Reached XP level 2. HP: 26/26 MP: 2/2
   400 | D:1      | Found a faded altar of an unknown god.
   445 | D:1      | Reached skill level 4 in Axes
   961 | D:1      | Reached XP level 3. HP: 31/31 MP: 3/3
  1177 | D:2      | Found Zote's Weapon Shop.
  1520 | D:2      | Found a glowing silver altar of Zin.
  1528 | D:2      | Reached skill level 5 in Axes
  1994 | D:3      | Found a runed translucent door.
  2129 | D:3      | Noticed Spolavi's ghost (amateur GrEE)
  2182 | D:4      | Found Eqesmel's Antique Armour Shoppe.
  2190 | D:4      | Reached XP level 4. HP: 24/39 MP: 4/4
  2359 | D:4      | Noticed a lemure
  2360 | D:4      | Noticed a lemure
  2360 | D:4      | Noticed Pikel
  2361 | D:4      | Noticed a lemure
  2361 | D:4      | Noticed a lemure
  2418 | D:3      | Killed a lemure
  2587 | D:3      | Killed a lemure
  2592 | D:3      | Killed a lemure
  2866 | D:4      | Noticed Sigmund
  2893 | D:3      | Killed Sigmund
  2894 | D:3      | Reached skill level 7 in Axes
  2894 | D:3      | Reached XP level 5. HP: 21/45 MP: 5/5
  2923 | D:4      | Reached skill level 8 in Axes
  2923 | D:4      | Reached XP level 6. HP: 17/51 MP: 6/6
  2958 | D:4      | Killed Pikel
  2959 | D:4      | Reached skill level 11 in Axes
  2959 | D:4      | Reached XP level 7. HP: 13/57 MP: 7/7
  3451 | D:4      | Noticed Eustachio
  3451 | D:4      | Noticed a steam dragon
  3471 | D:4      | Killed a steam dragon
  3472 | D:4      | Reached XP level 8. HP: 36/64 MP: 8/8
  3473 | D:4      | Killed Eustachio
  3474 | D:4      | Reached skill level 12 in Axes
  3938 | D:5      | Entered Level 5 of the Dungeon
  4328 | D:5      | Got the Collected Works on Supportive Envenoming
  4445 | D:5      | Found a runed translucent door.
  4446 | D:5      | Noticed Crazy Yiuf
  4543 | D:5      | Reached skill level 13 in Axes
  5294 | D:6      | Reached skill level 14 in Axes
  5597 | D:6      | Reached XP level 9. HP: 70/70 MP: 9/9
  5609 | D:6      | Identified the +9 trident of the Augurer {distort, rPois
                  | MP+9}
  5966 | D:6      | Found a staircase to the Ecumenical Temple.
  5972 | D:6      | Reached skill level 15 in Axes
  6024 | Temple   | Entered the Ecumenical Temple
  7104 | D:6      | Reached skill level 16 in Axes
  7623 | D:7      | Reached skill level 1 in Evocations
  8194 | D:7      | Reached skill level 5 in Fighting
  8269 | D:7      | Reached XP level 10. HP: 59/81 MP: 10/10
  8793 | D:8      | Reached skill level 5 in Armour
  9885 | D:9      | Reached skill level 5 in Evocations
 10028 | D:9      | Found a hazy altar of Hepliaklqana.
 10428 | D:9      | Found a staircase to the Orcish Mines.
 10484 | D:9      | Found a glowing silver altar of Zin.
 10628 | D:9      | Found an opulent altar of Gozag.
 10991 | D:10     | Entered Level 10 of the Dungeon
 11003 | D:10     | Reached XP level 11. HP: 75/94 MP: 11/11
 11341 | D:9      | Found a shimmering altar of Xom.
 11763 | D:10     | Noticed a two-headed ogre
 11773 | D:10     | Killed a two-headed ogre
 11790 | D:10     | Found a staircase to the Lair.
 12154 | D:10     | Found a stormy altar of Qazlal.
 12747 | D:10     | Found a shadowy altar of Dithmenos.
 12975 | D:4      | Bought a runed cloak for 165 gold pieces
 13322 | D:11     | Noticed a deep troll earth mage
 13322 | D:11     | Noticed a four-headed hydra
 13322 | D:11     | Noticed an ettin
 13322 | D:11     | Noticed a boulder beetle
 14049 | D:11     | Demolished by an ettin

Illustrated notes

Levels and vault maps discovered:
D:1:      dpeg_arrival_snail, layout_basic,
          hellmonk_ecumenical_altar_heavens_door
D:2:      layout_basic, basic_altar, serial_shops,
          nicolae_shop_bloodbath_and_beyond
D:3:      layout_rooms, gammafunk_ghost_grave
D:4:      layout_basic, serial_shops, nicolae_stop_n_shop_1, minivault_14,
          uniq_eustachio, uniq_sigmund, uniq_pikel
D:5:      layout_loops_corners, uniq_crazy_yiuf_cottage
D:6:      layout_basic, minmay_temple_entry_mini_moons, st_stairs_13,
          serial_bayou_ford_a
D:7:      layout_basic
D:8:      layout_layer_cave
D:9:      layout_roguey, overflow_temple_1_default,
          nicolae_overflow_hidden_temple, orc_0_dummy
D:10:     layout_cave_pods, mainiacjoe_overflow_boulevard,
          mainiacjoe_overflow_brackets, erik_lair_orcish_takeover
D:11:     lemuel_ogre_cave, layout_basic, minivault_25_ag, uniq_snorg
Temple:   regret_index_temple_sphere_string

Skill      XL: |  1  2  3  4  5  6  7  8  9 10 11 |
---------------+----------------------------------+-----
Axes           | 3 4 5 7 8 11 14 16 | 16.0
Shields        | 4 |  4.0
Evocations     | 2 5 7 |  7.1
Fighting       | 5 8 9 |  9.4
Armour         | 4 7 8 |  8.6

Action                   |  1- 3 |  4- 6 |  7- 9 | 10-12 || total
-------------------------+-------+-------+-------+-------++-------
Melee: War axe           |   113 |    81 |   248 |   334 ||   776
Evoke: Wand              |       |       |     2 |     1 ||     3
  Use: Scroll            |     4 |       |     6 |     3 ||    13
       Potion            |       |     4 |     2 |     1 ||     7
 Stab: Invisible         |       |       |     6 |       ||     6
       Paralysed         |       |       |     2 |     5 ||     7
Armor: Scale mail        |    64 |    34 |   107 |   109 ||   314
Dodge: Dodged            |    54 |    35 |   111 |   118 ||   318
Block: Buckler           |    28 |    18 |    54 |    58 ||   158

Table legend: (Time is in decaauts)
 A = Elapsed time spent in this place.
 B = Non-inter-level travel time spent in this place.
 C = Inter-level travel time spent in this place.
 D = Time resting spent in this place.
 E = Time spent auto-exploring this place.
 F = Levels seen in this place.
 G = Mean time per level.
                   A        B        C        D        E       F      G
               +--------+--------+--------+--------+--------+-----+--------+
         Total |  13971 |  13323 |    648 |   2517 |   9275 |  12 | 1164.2 |
       Dungeon |  13613 |  12985 |    628 |   2517 |   8951 |  11 | 1237.5 |
        Temple |    357 |    338 |     19 |      0 |    324 |   1 |  357.0 |
               +--------+--------+--------+--------+--------+-----+--------+

Top non-repeatable levels by time:
     D:6: 1968 daAuts
    D:10: 1710 daAuts
     D:9: 1383 daAuts
     D:5: 1378 daAuts
     D:4: 1373 daAuts
     D:8: 1256 daAuts
     D:1: 1178 daAuts
     D:7: 1108 daAuts
    D:11: 816 daAuts
     D:2: 729 daAuts
     D:3: 712 daAuts
  Temple: 357 daAuts
